 Dungeon Crawl Stone Soup version 0.29.1-2-gbd0b4ee654 (webtiles) character file.

Game seed: 1058263345882492766

7667 safid the Marksminotaur (level 10, -1/88 HPs)
             Began as a Minotaur Hunter on Nov 3, 2022.
             Was a Believer of Okawaru.
             Slain by a water moccasin (2 damage)
             ... on level 10 of the Dungeon on Nov 4, 2022.
             The game lasted 00:21:39 (11548 turns).

safid the Marksminotaur (Minotaur Hunter)          Turns: 11548, Time: 00:21:39

Health: -1/88      AC:  5    Str: 16    XL:     10   Next: 99%
Magic:  9/9        EV: 12    Int:  6    God:    Okawaru [**....]
Gold:   475        SH:  0    Dex: 18    Spells: 9/9 levels left

rFire   . . .      SeeInvis .   y - +0 arbalest (flame)
rCold   . . .      Faith    .   (shield currently unavailable)
rNeg    . . .      Spirit   .   c - +0 leather armour
rPois   .          Reflect  .   (helmet restricted)
rElec   .          Harm     .   o - +0 cloak
rCorr   .          Rampage  .   (no gloves)
Will    +....                   g - +0 pair of boots
Stlth   +.........              (no amulet)
HPRegen 0.24/turn               r - ring of flight
MPRegen 0.11/turn               D - ring of willpower

@: confused, lethally poisoned (-1 -> -21), ambrosia-drunk, flying
A: horns 2, retaliatory headbutt
a: Renounce Religion, Heroism


You were on level 10 of the Dungeon.
You worshipped Okawaru.
Okawaru was pleased with you.
You visited 2 branches of the dungeon, and saw 11 of its levels.
You also visited: Ossuary and Bailey.

You collected 677 gold pieces.
You spent 202 gold pieces at shops.

Inventory:

Hand Weapons
 b - a +0 longbow
 y - a +0 arbalest of flaming (weapon)
Armour
 c - a +0 leather armour (worn)
 g - a +0 pair of boots (worn)
 o - a +0 cloak (worn)
Jewellery
 r - a ring of flight (left hand)
 D - a ring of willpower (right hand)
Wands
 h - a wand of light (2)
Scrolls
 e - a scroll of summoning {unknown}
 j - a scroll of magic mapping {unknown}
 k - 2 scrolls of blinking
 q - 2 scrolls of fog {unknown}
 x - a scroll of fear {unknown}
 A - a scroll of torment {unknown}
 B - a scroll of enchant weapon {unknown}
 C - 2 scrolls of enchant armour {unknown}
Potions
 d - 2 potions of lignification {unknown}
 f - 5 potions of might {unknown}
 m - a potion of invisibility {unknown}
 n - 2 potions of berserk rage {unknown}
 p - 3 potions of mutation {unknown}
 s - a potion of magic {unknown}
 t - 4 potions of cancellation {unknown}
 u - 5 potions of brilliance {unknown}
 v - 3 potions of degeneration {unknown}
 w - 3 potions of resistance
 z - 2 potions of attraction {unknown}


   Skills:
 - Level 8.0 Fighting
 + Level 17.2 Ranged Weapons
 - Level 2.1 Dodging
 - Level 0.7 Stealth


You had 9 spell levels left.
You didn't know any spells.
Your spell library contained the following spells:

 Spells                   Type           Power      Damage    Failure   Level
 Magic Dart               Conj           0%         1d3       52%         1
 Slow                     Hex            0%         N/A       52%         1
 Poisonous Vapours        Pois/Air       0%         N/A       67%         2
 Mephitic Cloud           Conj/Pois/Air  0%         N/A       88%         3
 Corpse Rot               Necr/Pois/Air  0%         N/A       99%         4
 Fireball                 Conj/Fire      0%         3d3       100%        5
 Iskenderun's Battlesphe  Conj           0%         2d6       100%        5
 Conjure Ball Lightning   Conj/Air       0%         3x3d6     100%        6
 Orb of Destruction       Conj           0%         9d5       100%        7
 Call Imp                 Summ           Unusable   N/A       N/A         2
 Summon Mana Viper        Hex/Summ       Unusable   N/A       N/A         5
 Malign Gateway           Summ/Tloc      Unusable   N/A       N/A         7
 Spellforged Servitor     Conj/Summ      Unusable   N/A       N/A         7

Dungeon Overview and Level Annotations

Branches:
Dungeon (10/15)            Temple (1/1) D:7             Orc (0/2) D:9
Ossuary (visited)          Bailey (visited)
   Lair: D:8-11

Altars:
Ashenzari
Cheibriados
Dithmenos
Elyvilon
Fedhas
Gozag
Hepliaklqana
Kikubaaqudgha
Makhleb
Nemelex Xobeh
Okawaru
Qazlal
Sif Muna
Trog
Uskayaw
Vehumet
Wu Jian
Xom
Yredelemnul
Zin
The Shining One

Shops:
D:3 *

Annotations:
D:2 1 runed translucent door, Crazy Yiuf
D:9 Grum


Innate Abilities, Weirdness & Mutations

You have a pair of horns on your head.
You reflexively headbutt those who attack you in melee.


Message History

* * * LOW HITPOINT WARNING * * *
The water moccasin bites you but does no damage.
Unknown command.
Non-targeted confused fire: y) +0 arbalest (flame)
Press: ? - help, Q - select action, (/) - cycle Dir - look around, f - activate Look: a water moccasin (heavily wounded)
You shoot a bolt.
* * * LOW HITPOINT WARNING * * *
You feel very sick. The water moccasin bites you.
* * * LOW HITPOINT WARNING * * *
You are more poisoned.
The water moccasin poisons you!
Unknown command.
Non-targeted confused fire: y) +0 arbalest (flame)
Press: ? - help, Q - select action, (/) - cycle Dir - look around, f - activate Look: a water moccasin (heavily wounded)
You shoot a bolt.
* * * LOW HITPOINT WARNING * * *
You feel extremely sick. The water moccasin bites you.
* * * LOW HITPOINT WARNING * * *
You are more poisoned.
The water moccasin poisons you! The water moccasin misses you.
You are more confused.
You feel more invigorated.
* * * LOW HITPOINT WARNING * * *
You feel extremely sick. The water moccasin barely misses you.
Unknown command.
Non-targeted confused fire: y) +0 arbalest (flame)
Press: ? - help, Q - select action, (/) - cycle Dir - look around, f - activate Look: a water moccasin (moderately wounded)
You shoot a bolt.
* * * LOW HITPOINT WARNING * * *
You feel very sick. The water moccasin bites you.
* * * LOW HITPOINT WARNING * * *
The water moccasin bites you.
You die...

..#
..#
..#
#.#
#.#
#.#
#.#
#@#
#S#
#.#
#..
#..
#...
#...
.....


You could see a water moccasin.

Vanquished Creatures
  A two-headed ogre (Bailey)
  5 spriggans (Bailey)
  A shadow (D:9)
  A wraith (D:9)
  7 yaks
  4 vampire mosquitoes (D:6)
  Edmund (D:4)
  An acid dragon (Bailey)
  3 water moccasins
  2 ice beasts
  4 black bears
  An orc warrior (D:6)
  2 centaurs
  3 wolves (D:9)
  4 ogres
  2 kobold brigands
  A bullfrog (D:8)
  2 necrophages
  A gnoll sergeant (D:8)
  5 scorpions
  3 wights (D:9)
  13 killer bees
  4 howler monkeys
  An electric eel (D:7)
  5 hounds
  2 jellies
  2 orc priests
  3 iguanas
  7 orc wizards
  Terence (D:3)
  8 mummies (Ossuary)
  13 gnolls
  12 adders
  A shadow imp (D:7)
  A white imp (D:7)
  2 worm zombies (D:5)
  3 worms
  4 dart slugs
  21 orcs
  5 bats
  10 endoplasms
  3 giant cockroaches (D:2)
  A gnoll zombie (Ossuary)
  5 goblins
  3 hobgoblins
  7 jackals
  9 ball pythons
  9 frilled lizards
  3 hobgoblin zombies (Ossuary)
  20 kobolds
  A kobold zombie (Ossuary)
  3 orc zombies (Ossuary)
  12 rats
248 creatures vanquished.

Vanquished Creatures (others)
  48 fungi (D:9)
  37 plants (D:9)
85 creatures vanquished.

Grand Total: 333 creatures vanquished

Notes
Turn   | Place    | Note
-------+----------+-------------------------------------------
     0 | D:1      | safid the Minotaur Hunter began the quest for the Orb.
     0 | D:1      | Reached XP level 1. HP: 18/18 MP: 0/0
   118 | D:1      | Reached XP level 2. HP: 21/25 MP: 1/1
   417 | D:1      | Found a faded altar of an unknown god.
   641 | D:2      | Reached XP level 3. HP: 31/31 MP: 2/2
   646 | D:2      | Reached skill level 5 in Ranged Weapons
   834 | D:2      | Found an ornate altar of the Wu Jian Council.
  1076 | D:2      | Reached XP level 4. HP: 22/40 MP: 3/3
  1610 | D:2      | Found a runed translucent door.
  1611 | D:2      | Noticed Crazy Yiuf
  1662 | D:3      | Got the Exposition on the Spellbinding Escort
  2036 | D:3      | Reached XP level 5. HP: 30/47 MP: 4/4
  2253 | D:3      | Found Biyt's Assorted Antiques.
  2253 | D:3      | Noticed Terence
  2260 | D:3      | Killed Terence
  2261 | D:3      | Reached skill level 5 in Fighting
  2261 | D:3      | Reached skill level 6 in Ranged Weapons
  2615 | D:3      | Reached XP level 6. HP: 56/56 MP: 5/5
  2681 | D:4      | Noticed Edmund
  2894 | D:3      | Bought a runed arbalest for 202 gold pieces
  3069 | D:4      | Killed Edmund
  3070 | D:4      | Reached skill level 7 in Ranged Weapons
  3070 | D:4      | Reached XP level 7. HP: 45/64 MP: 6/6
  3799 | D:5      | Entered Level 5 of the Dungeon
  3850 | D:5      | Reached skill level 8 in Ranged Weapons
  3964 | D:5      | Found a white marble altar of Elyvilon.
  4000 | D:5      | Found a sand-covered staircase.
  4023 | Ossuary  | Entered an ossuary
  4625 | D:5      | Found a stormy altar of Qazlal.
  4746 | D:5      | Reached XP level 8. HP: 74/74 MP: 7/7
  4795 | D:5      | Reached skill level 9 in Ranged Weapons
  4963 | D:6      | Identified the +6 short sword "Medula Satet" {vorpal, Fly}
  5049 | D:6      | Reached skill level 10 in Ranged Weapons
  5535 | D:6      | Reached skill level 11 in Ranged Weapons
  5671 | D:6      | Found an opulent altar of Gozag.
  5801 | D:6      | Reached XP level 9. HP: 81/81 MP: 8/8
  5824 | D:6      | Found an ornate altar of the Wu Jian Council.
  5978 | D:6      | Reached skill level 12 in Ranged Weapons
  6203 | D:6      | Found a shimmering altar of Xom.
  6501 | D:7      | Reached skill level 13 in Ranged Weapons
  7308 | D:7      | Reached skill level 14 in Ranged Weapons
  7312 | D:7      | HP: 4/81 [yak (8)]
  8136 | D:7      | Reached XP level 10. HP: 87/88 MP: 9/9
  8241 | D:7      | Found a staircase to the Ecumenical Temple.
  8247 | Temple   | Entered the Ecumenical Temple
  8496 | Temple   | Became a worshipper of Warmaster Okawaru
  8912 | D:8      | Identified the +0 helmet "Olupp" {rPois rC+ Str+2}
  9641 | D:8      | Reached skill level 15 in Ranged Weapons
  9786 | D:8      | Found a basalt altar of Yredelemnul.
 10304 | D:9      | Found a blossoming altar of Fedhas.
 10434 | D:9      | Noticed Grum
 10447 | D:9      | Reached * piety under Okawaru
 10452 | D:9      | Found a flagged portal.
 10491 | Bailey   | Entered a bailey
 10738 | Bailey   | Reached skill level 16 in Ranged Weapons
 10767 | Bailey   | Noticed a two-headed ogre
 10776 | Bailey   | Killed a two-headed ogre
 10776 | Bailey   | Reached ** piety under Okawaru
 10777 | Bailey   | Reached skill level 17 in Ranged Weapons
 11138 | D:9      | Found a staircase to the Orcish Mines.
 11179 | D:9      | HP: 4/88 [wolf[Grum] (9)]
 11184 | D:10     | Entered Level 10 of the Dungeon
 11547 | D:10     | HP: 2/88 [poisoned by a water moccasin]
 11548 | D:10     | Slain by a water moccasin

Illustrated notes

Levels and vault maps discovered:
D:1:      saegor_arrival_miasma, layout_basic, chequers_ecumenical_altar_simple,
          minmay_pentomino_w4
D:2:      layout_loops_ring, basic_altar, serial_park_tiny_pond,
          uniq_crazy_yiuf_cottage
D:3:      layout_rooms, serial_shops, shop_fountains, minmay_snake_closets,
          uniq_terence
D:4:      layout_loops_corners, uniq_edmund
D:5:      mumra_celtic_spiral_tile, layout_basic, lemuel_tele_altar,
          mainiacjoe_overflow_paths, enter_ossuary_3, solitary_fountain
D:6:      layout_basic, nicolae_overflow_hidden_temple, lemuel_doored_altar,
          overflow_temple_1_default, dk_noncrumbling_3, minmay_fountain_box
D:7:      layout_layer_cave, minmay_temple_entry_fiery, minivault_14
D:8:      layout_cave_pods, mainiacjoe_overflow_alcove_1
D:9:      layout_roguey [special_room_bee], nicolae_ru_great_annihilating_truth,
          fedhas_ov_isle_minmay, due_lair_maze_entry_diamond, orc_0_dummy,
          serial_corexii_hall, corexii_hall_statues_x, chequers_hall_statues_y,
          enter_bailey_2, minmay_stone_trees_small, uniq_grum
D:10:     layout_long_grid, amethyst_killhole
Temple:   dpeg_chambers_temple

Skill      XL: |  1  2  3  4  5  6  7  8  9 10 |
---------------+-------------------------------+-----
Fighting       | 3 4 5 6 8 |  8.0
Ranged Weapons | 5 6 7 8 11 14 17 | 17.2
Dodging        | |  2.1
Stealth        | |  0.7

Action                   |  1- 3 |  4- 6 |  7- 9 | 10-12 || total
-------------------------+-------+-------+-------+-------++-------
 Fire: Shortbow          |   122 |   162 |       |       ||   284
       Arbalest          |       |    16 |   221 |   178 ||   415
Invok: Heroism           |       |       |       |     2 ||     2
  Use: Scroll            |       |       |     8 |     5 ||    13
       Potion            |       |       |     5 |     8 ||    13
Armor: Leather armour    |    12 |    19 |    23 |    28 ||    82
Dodge: Dodged            |    31 |    45 |    71 |   114 ||   261
